Map: Beckett Industries LE

Players

ALLMIGHT - Winner!

  • Race: Zerg Zerg
  • League: Master

llllllllllll

  • Race: Terran Terran
  • League: Master

VOD

Have the link to the VOD?

Description

Time

  • Played on: April 26, 2021, 11:10 p.m.
  • Length: 15:28
Show
View Real Time Build Order
Export as new Build Order

ALLMIGHT Zerg - Winner!

Build Orders: Hatch First 

Get SALT Encoding   

  12  0:01  Drone  
  13  0:12  Overlord  
  13  0:17  Drone  
  14  0:30  Drone x2  
  16  0:48  Hatchery  
  15  0:51  Drone  
  15  0:55  Drone  
  17  0:58  Drone  
  18  1:09  Extractor  
  17  1:14  Spawning Pool  
  17  1:17  Drone  
  17  1:20  Drone  
  18  1:28  Drone  
  19  1:40  Overlord  
  19  1:57  Overlord  
  19  2:02  Queen  
  19  2:03  Queen  
  19  2:04  Zergling x4  
  25  2:14  Roach Warren  
  24  2:15  Zergling x2  
  25  2:23  Zergling x4  
  25  2:26  Zergling x2  
  28  2:54  Roach x5  
  38  3:00  Overlord  
  38  3:07  Overlord  
  38  3:19  Roach x2  
  36  3:37  Hatchery  
  35  3:47  Drone  
  36  4:08  Drone x3  
  39  4:13  Hatchery  
  38  4:38  Drone x4  
  42  4:47  Evolution Chamber  
  42  4:48  Evolution Chamber  
  42  4:49  Drone  
  42  4:50  Drone  
  42  4:51  Drone x3  
  45  4:56  Roach  
  45  5:00  Drone x2  
  47  5:08  Queen  
  47  5:13  Drone x2  
  47  5:14  Ravager  
  52  5:16  Zerg Melee Weapons Level 1  
  51  5:22  Overlord  
  51  5:26  Zerg Ground Armor Level 1  
  52  5:28  Drone  
  52  5:37  Drone x5  
  57  5:43  Drone x2  
  57  5:48  Drone x3  
  62  5:59  Metabolic Boost, Overlord x2  
  62  6:01  Zergling x4  
  64  6:08  Zergling x10  
  69  6:18  Queen  
  69  6:19  Queen  
  69  6:21  Zergling x8  
  69  6:33  Overlord  
  69  6:34  Drone x4  
  69  6:37  Overlord  
  69  6:38  Overlord  
  73  6:43  Overlord  
  73  6:47  Overlord  
  73  6:51  Overlord x2  
  73  6:55  Drone x4  
  73  6:57  Spore Crawler  
  73  7:00  Drone x3  
  79  7:08  Zergling x10  
  81  7:17  Zergling x4  
  71  7:23  Zergling x2  
  71  7:29  Zergling x16  
  74  7:34  Lair  
  74  7:37  Drone x4  
  74  7:41  Drone  
  79  7:46  Drone x2  
  79  7:50  Drone  
  82  7:51  Queen  
  82  7:52  Extractor  
  82  7:53  Queen  
  85  8:01  Overlord  
  85  8:10  Overlord  
  85  8:11  Drone x8  
  92  8:17  Hatchery  
  91  8:23  Baneling Nest  
  91  8:24  Overlord x2  
  91  8:25  Drone  
  91  8:30  Hatchery  
  91  8:34  Spore Crawler  
  89  8:35  Overlord  
  89  8:40  Zerg Ground Armor Level 2  
  89  8:43  Drone x5, Extractor  
  89  8:44  Extractor  
  85  8:57  Ravager x2  
  85  8:59  Overlord  
  85  9:00  Overlord  
  85  9:01  Zergling x16  
  93  9:12  Zergling x12  
  93  9:14  Ravager  
  100  9:27  Queen  
  102  9:35  Baneling Nest  
  101  9:42  Extractor  
  101  9:44  Zergling x24  
  112  9:46  Zerg Melee Weapons Level 2  
  111  10:12  Zergling x20  
  111  10:13  Zergling x4  
  112  10:18  Drone x6  
  102  10:23  Centrifical Hooks  
  102  10:29  Hatchery  
  101  10:39  Zergling x18  
  110  10:47  Drone x4  
  114  10:52  Zergling x10  
  114  10:53  Baneling  
  114  10:54  Baneling x9  
  119  11:03  Extractor  
  118  11:12  Zergling x20  
  118  11:14  Infestation Pit  
  127  11:20  Zergling x8  
  127  11:25  Zergling x4  
  133  11:36  Baneling x7  
  133  11:37  Zergling x14  
  115  11:56  Drone x17  
  125  12:04  Extractor  
  125  12:05  Extractor  
  118  12:18  Drone x3  
  118  12:19  Drone x7  
  124  12:26  Zergling x12  
  128  12:30  Hive  
  128  12:32  Ravager x2  
  130  12:39  Queen  
  130  12:40  Queen  
  133  12:45  Overlord  
  133  12:50  Zergling x26  
  146  12:55  Extractor  
  139  13:01  Extractor  
  139  13:02  Spore Crawler  
  139  13:03  Spore Crawler x2, Extractor  
  127  13:06  Extractor  
  127  13:07  Zergling x28  
  139  13:29  Overseer  
  139  13:32  Zergling x30  
  139  13:33  Zergling x2  
  155  13:40  Zergling x4  
  157  13:50  Spore Crawler x2  
  157  13:51  Baneling, Spore Crawler  
  157  13:52  Baneling x10  
  154  13:58  Zergling x4  
  154  13:59  Zergling x18  
  165  14:03  Drone x4  
  165  14:04  Drone  
  165  14:08  Drone x4  
  169  14:18  Zergling x10  
  169  14:23  Zergling x4  
  169  14:24  Baneling, Zergling x6  
  177  14:25  Baneling x5  
  177  14:34  Baneling  
  177  14:35  Baneling x15  
  177  14:37  Zergling x2  
  178  14:43  Spire  
  129  15:09  Zergling x30  
Show
View Real Time Build Order
Export as new Build Order

llllllllllll Terran 

Build Orders:  

Get SALT Encoding   

  12  0:00  SCV  
  13  0:12  SCV  
  14  0:17  Supply Depot  
  14  0:24  SCV  
  15  0:38  SCV  
  15  0:42  Barracks  
  16  0:51  SCV  
  16  0:57  Barracks  
  17  1:03  SCV  
  18  1:11  Barracks  
  18  1:15  SCV  
  19  1:24  Supply Depot  
  19  1:27  SCV  
  19  1:30  Marine  
  21  1:40  Orbital Command  
  21  1:43  Marine  
  22  1:48  Marine  
  23  1:57  Bunker  
  23  2:01  Marine x2  
  24  2:06  Marine  
  26  2:11  Bunker  
  26  2:15  SCV  
  27  2:20  Refinery  
  27  2:23  Refinery  
  27  2:29  SCV  
  28  2:41  SCV  
  29  2:53  SCV  
  30  3:00  Command Center  
  30  3:05  SCV  
  31  3:11  Barracks Tech Lab  
  31  3:17  SCV  
  28  3:28  Bunker  
  28  3:29  SCV  
  28  3:30  Factory, Marine x2  
  28  3:31  Marauder  
  29  3:41  Supply Depot, SCV  
  29  3:46  Supply Depot  
  30  3:49  Barracks Reactor  
  30  3:50  Barracks Reactor  
  30  4:03  Marauder  
  30  4:05  SCV  
  30  4:07  Stimpack  
  33  4:12  Orbital Command  
  33  4:20  SCV  
  34  4:27  Marine x2  
  34  4:28  Marine, Starport  
  34  4:30  Marine  
  38  4:31  Marine  
  38  4:32  Orbital Command  
  38  4:34  SCV  
  40  4:39  Factory Reactor  
  40  4:45  Marine x3  
  42  4:48  Marine  
  44  4:55  SCV  
  44  4:59  SCV  
  46  5:14  Medivac, Refinery  
  46  5:15  Medivac  
  46  5:21  Marine x3  
  50  5:22  Marine x2  
  50  5:27  Refinery  
  55  5:31  Supply Depot, SCV x2  
  55  5:33  Supply Depot, Bunker  
  57  5:43  Factory Tech Lab  
  57  5:44  SCV x2  
  57  5:46  Marauder, Marine  
  62  5:52  Marine  
  62  5:54  Medivac  
  62  5:55  Medivac  
  62  5:56  Supply Depot  
  67  6:00  SCV x2  
  67  6:02  Marine  
  67  6:03  Marine  
  67  6:04  Marine  
  71  6:07  Hellion  
  74  6:12  SCV  
  74  6:13  Marauder  
  74  6:33  Marine  
  74  6:34  Marauder  
  74  6:35  Siege Tank  
  80  6:40  Marine x3  
  80  6:41  Medivac  
  80  6:46  Supply Depot  
  85  6:47  Supply Depot  
  85  6:52  Marine  
  86  7:00  Supply Depot  
  86  7:07  Medivac, Marauder, SCV x2  
  67  7:33  Marauder, Marine x4  
  67  7:36  Medivac, Siege Tank  
  78  7:37  Medivac  
  78  7:42  Command Center  
  78  7:43  SCV  
  81  7:51  Marine x2  
  81  7:54  Marine  
  81  7:55  Engineering Bay, Marauder, Marine  
  81  7:56  Engineering Bay  
  87  8:08  Siege Tank  
  87  8:09  Marine  
  91  8:22  Terran Infantry Armor Level 1, Terran Infantry Weapons Level 1  
  91  8:25  Armory  
  91  8:26  SCV x2  
  93  8:32  Barracks  
  93  8:33  Barracks  
  93  8:36  Marine x2  
  93  8:37  Marine  
  93  8:38  SCV x2  
  98  8:50  SCV  
  98  8:55  Marine x5  
  100  8:56  Medivac x2  
  100  8:57  SCV x2  
  110  9:09  Siege Tank  
  113  9:13  Command Center, Marine  
  114  9:20  Barracks Reactor x2  
  114  9:22  SCV  
  115  9:26  Medivac x2, Planetary Fortress  
  115  9:30  SCV  
  120  9:34  SCV  
  121  9:41  Marauder  
  121  9:45  Refinery  
  123  9:48  Missile Turret  
  123  9:50  Refinery, SCV  
  123  9:51  Marine  
  125  10:05  Marauder, Siege Tank  
  122  10:11  Marine x2  
  102  10:21  Marine x2  
  91  10:22  SCV  
  91  10:23  SCV x2  
  91  10:24  Terran Infantry Weapons Level 2, Terran Infantry Armor Level 2  
  91  10:27  Marauder, Marine  
  99  10:29  Medivac  
  99  10:30  Marine  
  99  10:35  SCV  
  103  10:37  Siege Tank, SCV x2  
  104  10:47  SCV  
  104  10:48  Marauder  
  107  10:52  Marine x5  
  107  10:53  Marine x3  
  115  10:59  Factory, Terran Vehicle Weapons Level 1  
  115  11:02  Factory, Supply Depot  
  115  11:09  Marauder  
  115  11:10  Marine x3  
  120  11:17  Marine x3  
  123  11:31  Marauder  
  125  11:33  Marine x2  
  126  11:42  Marine  
  121  11:50  Marine  
  121  11:52  Marauder  
  96  12:06  Marine  
  94  12:13  Marine  
  94  12:14  Marauder, Marine x6  
  94  12:15  Siege Tank  
  94  12:24  Medivac x2, Marine  
  94  12:28  Factory Reactor  
  94  12:29  Factory Reactor  
  93  12:31  Marine  
  93  12:32  Marine x3  
  93  12:33  Supply Depot, Marine  
  93  12:34  Supply Depot x2  
  93  12:35  Marauder  
  93  12:36  SCV  
  101  12:40  Supply Depot  
  101  12:41  Barracks  
  101  12:42  Supply Depot  
  101  12:43  Supply Depot  
  101  12:44  Barracks  
  101  12:51  Hellion  
  101  12:56  Marauder  
  103  13:04  Marine  
  103  13:05  Marine  
  94  13:08  Marine  
  94  13:09  Marine x3  
  94  13:10  Medivac x2, Marine  
  94  13:11  Marine  
  97  13:13  Hellion x4  
  97  13:18  Marauder  
  107  13:21  SCV  
  107  13:22  Marine x2  
  107  13:26  Marine x2  
  107  13:27  Marine  
  111  13:32  Barracks Tech Lab  
  113  13:34  Combat Shield, Siege Tank  
  113  13:35  Barracks Reactor  
  113  13:37  Infernal Pre-Igniter, Hellion x2  
  113  13:39  Marauder, SCV  
  123  13:49  Hellion  
  123  13:52  Command Center  
  123  13:53  Marauder, Marine  
  128  13:55  Medivac  
  104  14:20  Hellion x3  
  104  14:21  Hellion  
  104  14:23  Marine  
  104  14:24  Marine x9  
  109  14:26  Marine x2  
  109  14:31  Medivac x2  
  124  14:38  Widow Mine  
  124  14:41  Marine x2, Widow Mine  
  63  15:07  Marine x4  
  63  15:08  Marine x4  
  63  15:09  Marine  
Tags
 
Add a new tag
Caveats
  • Supply blocks, unpowered buildings, or Contaminate may cause inaccurate times.
  • Supply counts are checked every 10 seconds.